 Dungeon Crawl Stone Soup version 0.27-a0-931-g5a74e75d8f (webtiles) character file.

Game seed: 13519693896603452249

32 Alarkh the Insei (level 3, 28/28 HPs)
             Began as a Demonspawn Gladiator on Apr 10, 2021.
             Got out of the dungeon alive.
             The game lasted 00:02:08 (1395 turns).

Alarkh the Insei (Demonspawn Gladiator)             Turns: 1395, Time: 00:02:09

Health: 28/28      AC:  4    Str: 14    XL:     3   Next: 10%
Magic:  3/3        EV: 12    Int: 16    God:
Gold:   55         SH:  0    Dex: 14    Spells: 2/2 levels left

rFire    . . .     SeeInvis .     - Unarmed
rCold    + . .     Faith    .   (no shield)
rNeg     . . .     Spirit   .   a - +0 leather armour
rPois    .         Reflect  .   b - +0 helmet
rElec    .         Harm     .   (no cloak)
rCorr    .         Rampage  .   (no gloves)
Will     .....                  (no boots)
Stlth    +.........             (no amulet)
HPRegen  0.09/turn              k - ring of protection from cold
MPRegen  0.08/turn              l - +6 ring of intelligence

@: no status effects
A: talons 1
a: no special abilities


You escaped.
You visited 1 branch of the dungeon, and saw 2 of its levels.

You collected 55 gold pieces.

Inventory:

Missiles
 c - 3 throwing nets (quivered)
 h - 9 poisoned darts
Armour
 a - a +0 leather armour (worn)
 b - a +0 helmet (worn)
Jewellery
 k - a ring of protection from cold (left hand)
 l - a +6 ring of intelligence (right hand)
Scrolls
 e - a scroll of identify {unknown}
 i - a scroll of enchant armour {unknown}
 m - a scroll of teleportation {unknown}
 n - a scroll of immolation {unknown}
Potions
 d - a potion of mutation {unknown}
 f - a potion of flight {unknown}
 g - 2 potions of attraction {unknown}
 j - a potion of brilliance {unknown}


   Skills:
 + Level 2.4 Fighting
 + Level 2.2 Throwing
 - Level 2.6 Dodging
 * Level 3.3 Unarmed Combat


You had 2 spell levels left.
You didn't know any spells.
Your spell library was empty.

Dungeon Overview and Level Annotations

Branches:
Dungeon (2/15)

Altars:


Innate Abilities, Weirdness & Mutations

You have sharp toenails.


Message History

Your experience leads to an increase in your attributes!
Your base attributes are Str 14, Int 9, Dex 14.
Increase (S)trength, (I)ntelligence, or (D)exterity?
You feel clever.
Unknown command.
(D) Dungeon
Where to? (Enter - D:2, ? - help)
What level of the Dungeon? (default 1, ? - help) HP restored.
A hobgoblin comes into view.
The hobgoblin shouts!
A hobgoblin is nearby!
You can't go up here!
You see here a +0 club.
The hobgoblin closely misses you.
You hit the hobgoblin. You claw the hobgoblin.
You kill the hobgoblin!
No target in view!
No target in view!
No target in view!
No target in view!
No target in view!
No target in view!
No target in view!
No target in view!
No target in view!
g - 2 green potions (gained 1);
n - a scroll labelled CAETO XETOEROV You see here 9 stones.
An endoplasm comes into view.
An endoplasm is nearby!
Unknown command.
(D) Dungeon
Where to? (Enter - D:2 @ (x,y), ? - help)
What level of the Dungeon? (default 1, ? - help)
There is a stone staircase leading up here.
You climb upwards.
There is a stone staircase leading down here.
There is a staircase leading out of the dungeon here.
Are you sure you want to leave the Dungeon?
This will make you lose the game!
You have escaped!

#.#######..########........
#.#.#...#.###.##..#........
#.#...#.#...#..#.##########
#.#####.###.##.#..# #..
#.##....#....#.##.# ####..
#.#..##.#..#......# #(....
#.####..#..###########.....
#..#...###.#...#....##.....
#..#.#....@....#.#.........
#....#...#.###...#####.....
##########..#..#### #.....
#......#..#.##..####.....
#.##.#....#....##..'.....
#..#.##.###.#####.##.....
##.#..#...#.#...#.#####..
#..##.###.#...#.#.# #..
########..#######.# #..


There were no monsters in sight!

Vanquished Creatures
  An adder (D:2)
  3 endoplasms
  4 giant cockroaches
  A goblin (D:2)
  2 hobgoblins
  3 jackals (D:1)
  2 quokkas (D:1)
  A ball python (D:1)
  A bat (D:1)
  2 rats (D:1)
20 creatures vanquished.

Notes
Turn   | Place    | Note
-------+----------+-------------------------------------------
     0 | D:1      | Alarkh the Demonspawn Gladiator began the quest for the
                  | Orb.
     0 | D:1      | Reached XP level 1. HP: 16/16 MP: 1/1
   474 | D:1      | Reached skill level 3 in Unarmed Combat
   474 | D:1      | Gained mutation: You have sharp toenails. [demonic
                  | ancestry]
   474 | D:1      | Reached XP level 2. HP: 15/22 MP: 2/2
  1273 | D:2      | Reached XP level 3. HP: 27/28 MP: 3/3
  1395 | D:$      | Got out of the dungeon alive.

Illustrated notes

Levels and vault maps discovered:
D:1:      psy_arrival_radial01, layout_basic
D:2:      layout_loops_ring, serial_shops, shop

Skill      XL: |  1 |
---------------+----+-----
Throwing       | 2 |  2.2
Unarmed Combat | 3 |  3.3
Fighting       | |  2.4
Dodging        | |  2.6

Action                   || total
-------------------------++-------
Melee: Unarmed           ||    86
       Kick              ||     9
Armor: Leather armour    ||    29
Dodge: Dodged            ||    52

Table legend: (Time is in decaauts)
 A = Elapsed time spent in this place.
 B = Non-inter-level travel time spent in this place.
 C = Inter-level travel time spent in this place.
 D = Time resting spent in this place.
 E = Time spent auto-exploring this place.
 F = Levels seen in this place.
 G = Mean time per level.
                   A        B        C        D        E       F      G
               +--------+--------+--------+--------+--------+-----+--------+
         Total |   1389 |   1266 |    123 |     91 |   1012 |   2 |  694.5 |
       Dungeon |   1389 |   1266 |    123 |     91 |   1012 |   2 |  694.5 |
               +--------+--------+--------+--------+--------+-----+--------+

Top non-repeatable levels by time:
     D:1: 1136 daAuts
     D:2: 253 daAuts
